 Dungeon Crawl Stone Soup version 0.22-a0-448-g1fb7470 (webtiles) character file.

21669 iamserjio the Severer (level 12, -6/180 HPs)
             Began as a Naga Gladiator on June 4, 2018.
             Was a Believer of Ru.
             Mangled by a minotaur
             ... wielding the cursed +1 quarterstaff of Glory {protect, MR+ Int+6}
              (20 damage)
             ... in a labyrinth.
             The game lasted 00:57:57 (25212 turns).

iamserjio the Severer (Naga Gladiator)             Turns: 25212, Time: 00:57:57

Health: -6/180     AC: 26    Str: 26    XL:     12   Next: 92%
Magic:  0/15       EV:  1    Int: 10    God:    Ru [**....]
Gold:   609        SH:  5    Dex: 14    Spells: 11/11 levels left

rFire    + + +     SeeInvis +   O - +6 war axe "Jiraux" {freeze, rF+++ rC+ Str+5 Stlth+}
rCold    + . .     Gourm    .   y - +0 buckler
rNeg     + + +     Faith    .   (armour currently unavailable)
rPois    +         Spirit   +   (helmet currently unavailable)
rElec    .         Reflect  .   (cloak currently unavailable)
rCorr    .         Harm     .   (gloves currently unavailable)
MR       +....     NoTele   +   (no barding)
Stlth    +++.......             v - amulet of guardian spirit
HPRegen  0.40/turn              J - +2 ring of evasion
MPRegen  0.14/turn              G - +5 ring of evasion

@: tree-form, slightly contaminated
A: large, thin skeletal structure 1, see invisible, slow metabolism 1, spit
poison 1, reduced EV 1, missing an eye, AC +4
a: Spit Poison, Renounce Religion


You were in a labyrinth.
You worshipped Ru.
Ru was pleased with you.
You were not hungry.
You were a tree.
You visited 3 branches of the dungeon, and saw 15 of its levels.
You also visited: Labyrinth.

You collected 609 gold pieces.

Inventory:

Hand Weapons
 g - a +0 whip of electrocution
 p - a +1 whip of freezing
 O - the +6 war axe "Jiraux" (weapon) {freeze, rF+++ rC+ Str+5 Stlth+}
   (You found it on level 1 of the Lair of Beasts)

   It has been specially enchanted to freeze those struck by it, causing extra
   injury to most foes and up to half again as much damage against particularly
   susceptible opponents.
   It can also slow down cold-blooded creatures.
   It affects your strength (+5).
   It renders you almost immune to fire.
   It protects you from cold.
   It makes you more stealthy.
 U - a +0 broad axe
Missiles
 b - 8 exploding tomahawks
 d - 4 throwing nets (quivered)
 e - 250 stones
 z - 9 tomahawks
Armour
 c - a +1 helmet (melded)
 k - a +0 scale mail
 o - a +2 cloak of invisibility (melded)
 t - a +2 robe
 u - a +0 plate armour (melded)
 w - a +2 ring mail of magic resistance
 y - a +0 buckler (worn)
 C - a +2 pair of gloves (melded)
 E - a +1 chain mail of fire resistance
 R - the +0 leather armour of the Turtledove {Dex+2, unknown}
   (You found it on level 2 of the Lair of Beasts)

   It affects your dexterity (+2).
Jewellery
 i - an uncursed amulet of the acrobat
 r - an uncursed amulet of magic regeneration
 v - an amulet of guardian spirit (around neck)
 B - an uncursed ring of ice
 G - a +5 ring of evasion (right branch)
 J - a +2 ring of evasion (left branch)
Wands
 s - a wand of digging (18)
 H - a wand of paralysis (16)
 P - a wand of disintegration (16)
Scrolls
 a - 3 scrolls of blinking
 h - 5 scrolls of fog
 l - a scroll of amnesia
 m - 6 scrolls of immolation
 n - 8 scrolls of teleportation
 x - 2 scrolls of fear
 A - a scroll of remove curse
 N - a scroll of random uselessness
 S - a scroll of enchant weapon
Potions
 j - a potion of brilliance {unknown}
 q - 4 potions of flight
 D - 2 potions of mutation
 I - 2 potions of haste
 K - a potion of magic
 L - a potion of lignification
 Q - a potion of might {unknown}
Comestibles
 f - 8 rations


   Skills:
 + Level 11.0 Fighting
 * Level 15.0 Axes
 - Level 1.7 Throwing
 - Level 6.0 Armour
 - Level 2.4 Dodging
 - Level 3.0 Shields
 - Level 5.0 Evocations


You had 11 spell levels left.
You didn't know any spells.
Your spell library contained the following spells:

 Spells                   Type           Power        Failure   Level  Hunger
 Magic Dart               Conj           #...         36%         1    ##.....
 Conjure Flame            Conj/Fire      #.......     75%         3    ####...
 Slow                     Hex            #.......     50%         2    ###....
 Mephitic Cloud           Conj/Pois/Air  #.......     75%         3    ####...
 Blink                    Tloc           N/A          50%         2    ###....
 Iskenderun's Mystic Bla  Conj           #.......     98%         4    #####..
 Summon Ice Beast         Ice/Summ       #.......     98%         4    #####..
 Call Imp                 Summ           #.......     50%         2    ###....
 Deflect Missiles         Chrm/Air       #.........   100%        6    #######
 Call Canine Familiar     Summ           #.......     75%         3    ####...
 Summon Butterflies       Summ           #.......     36%         1    ##.....
 Silence                  Hex/Air        #.........   100%        5    ######.
 Conjure Ball Lightning   Conj/Air       #.........   100%        6    #######
 Tornado                  Air            #.........   100%        9    #######
 Summon Hydra             Summ           #.........   100%        7    #######
 Fulminant Prism          Conj/Hex       #.........   98%         4    #####..
 Dazzling Spray           Conj/Hex       #.....       75%         3    ####...
 Force Lance              Conj/Tloc      #.......     98%         4    #####..
 Searing Ray              Conj           #.....       50%         2    ###....
 Summon Lightning Spire   Summ/Air       #.......     98%         4    #####..
 Summon Mana Viper        Hex/Summ       #.......     100%        5    ######.


Dungeon Overview and Level Annotations

Branches:
Dungeon (10/15)            Temple (1/1) D:4            Lair (4/6) D:8
  Swamp (0/4) Lair:2       Spider (0/4) Lair:3
    Orc: D:9-12

Altars:
Ashenzari
Cheibriados
Elyvilon
Fedhas
Hepliaklqana
Kikubaaqudgha
Makhleb
Nemelex Xobeh
Okawaru
Ru
Sif Muna
Uskayaw
Vehumet
Wu Jian
Zin
The Shining One

Shops:
D:8 (

Annotations:
D:10 Sonja
Lair:2 exclusion: 2 oklob plants


Innate Abilities, Weirdness & Mutations

You cannot wear boots.
((Your serpentine skin is tough. (AC +4)))
You have supernaturally acute eyesight. (SInv)
((Armour fits poorly on your strangely shaped body.))
((Your system is resistant to poisons. (rPois)))
((You cover ground very slowly.))
You have a slow metabolism.
You can spit poison.
You have somewhat slow reflexes. (EV -5)
You are missing an eye, making it more difficult to aim.
You have a somewhat thin skeletal structure. (Dex +2, Stealth)
((You are occasionally teleported next to monsters.))


Message History

Your +2 cloak of invisibility melds into your body.
Your +1 helmet melds into your body.
Your +2 pair of gloves melds into your body.
Your +0 plate armour melds into your body.
You absorb a burst of magical contamination as your invisibility abruptly ends!
You are lightly contaminated with residual magic.
Your roots penetrate the ground.
The minotaur hits you with an ichor-stained quarterstaff {protect}!
* * * LOW HITPOINT WARNING * * *
The minotaur gores you.
* * * LOW HITPOINT WARNING * * *
You barely miss the minotaur.
The minotaur is severely wounded.
The minotaur hits you with an ichor-stained quarterstaff {protect}!
* * * LOW HITPOINT WARNING * * *
The minotaur gores you but does no damage.
It was a potion of mutation.
You feel extremely strange.
You feel weirdly uncertain.
Your bones become slightly less dense.
The minotaur hits you with an ichor-stained quarterstaff {protect}!!
You die...

#. #..# #.. .#
# ## # #.# #
.#. . . . .. .
#. ####.# .#
#.#. ..#.# #..
#.# #.# . #.#
#.# # # #.. #
#H# # ###..
.###♣# # .
..#...(.# # #
#.##.#######.#.
. .... . .. .
.# .#.#
#.####.##
...... . . # #
# .### . . . #
. # # #


You could see a minotaur.

Vanquished Creatures
  2 hydras
  Pikel (D:6)
  A wolf spider zombie (D:9)
  An oklob plant (Lair:2)
  2 black mambas
  6 spiny frogs
  A rime drake (Lair:2)
  4 komodo dragons
  A troll (D:9)
  Prince Ribbit (D:7)
  5 blink frogs (Lair:3)
  2 bog bodies (Lair:2)
  2 hippogriffs
  Sigmund (D:6)
  2 wyverns
  A spriggan (D:8)
  4 basilisks
  Eustachio (D:6)
  21 yaks
  5 hungry ghosts
  3 swamp worms (Lair:2)
  11 porcupines
  2 water moccasins
  3 orc warriors (D:9)
  A sky beast (D:8)
  3 phantoms
  An eye of draining (D:8)
  A black bear (D:6)
  A hornet zombie (D:7)
  5 ice beasts
  11 ogres
  8 centaurs
  9 crocodiles
  Blork the orc (D:5)
  3 big kobolds
  8 bullfrogs
  A gnoll sergeant (D:10)
  2 wyvern skeletons
  3 scorpions
  6 killer bees
  3 wights (D:7)
  An electric eel (Lair:2)
  10 howler monkeys
  6 crimson imps
  A hound (D:4)
  3 jellies
  3 orc priests
  A centaur skeleton (D:5)
  2 gnoll shamans (D:9)
  4 orc wizards
  Jessica (D:2)
  3 iguanas (D:8)
  7 worker ants
  A statue (D:7)
  A hound skeleton (D:4)
  2 worker ant zombies
  16 gnolls
  A howler monkey skeleton (D:6)
  13 adders
  A shadow imp (D:7)
  An adder zombie (D:5)
  3 oozes
  A worm (D:3)
  4 dart slugs
  4 leopard geckos
  18 orcs
  9 bats
  6 giant cockroaches
  7 goblins
  8 hobgoblins
  10 jackals
  6 quokkas
  A ball python (D:1)
  6 frilled lizards
  17 kobolds
  A leopard gecko zombie (D:6)
  A quokka skeleton (D:9)
  7 rats
  2 fungi
339 creatures vanquished.

Vanquished Creatures (others)
  A cyclops (D:9)
  A slave (D:6)
  A necrophage (D:10)
  A bullfrog (Lair:1)
  A killer bee (D:7)
  An orc wizard (D:9)
  A gnoll shaman (D:9)
  A gnoll (D:9)
  An orc (D:9)
  A kobold (D:6)
  4 fungi
  3 plants
17 creatures vanquished.

Grand Total: 356 creatures vanquished

Notes
Turn   | Place    | Note
-------+----------+-------------------------------------------
     0 | D:1      | iamserjio the Naga Gladiator began the quest for the Orb.
     0 | D:1      | Reached XP level 1. HP: 19/19 MP: 1/1
   249 | D:1      | Reached XP level 2. HP: 21/26 MP: 2/2
   599 | D:1      | Reached XP level 3. HP: 29/33 MP: 3/3
  1310 | D:2      | Found a sacrificial altar of Ru.
  1320 | D:2      | Became a worshipper of Ru the Awakened
  1351 | D:2      | Noticed a big kobold
  1369 | D:2      | Killed a big kobold
  1369 | D:2      | Reached skill level 4 in Axes
  1369 | D:2      | Reached skill level 1 in Armour
  1369 | D:2      | Reached XP level 4. HP: 19/42 MP: 4/4
  1644 | D:2      | Noticed Jessica
  1650 | D:2      | Killed Jessica
  1650 | D:2      | Reached XP level 5. HP: 42/49 MP: 5/5
  1913 | D:2      | Reached skill level 5 in Axes
  2300 | D:3      | Reached XP level 6. HP: 32/56 MP: 6/6
  2794 | D:3      | Gained mutation: You are missing an eye, making it more difficult to aim. [Ru sacrifice]
  2794 | D:3      | Reached * piety under Ru
  3262 | D:3      | Found an iron altar of Okawaru.
  3440 | D:4      | Found a staircase to the Ecumenical Temple.
  3498 | Temple   | Entered the Ecumenical Temple
  4275 | D:4      | Reached skill level 1 in Shields
  4399 | D:4      | Reached skill level 6 in Axes
  4399 | D:4      | Reached XP level 7. HP: 54/64 MP: 7/7
  4973 | D:4      | Found a glowing silver altar of Zin.
  5089 | D:5      | Entered Level 5 of the Dungeon
  5704 | D:5      | Found a deep blue altar of Sif Muna.
  5706 | D:5      | Found a hazy altar of Hepliaklqana.
  5706 | D:5      | Found an ornate altar of the Wu Jian Council.
  5707 | D:5      | Found a burning altar of Makhleb.
  5967 | D:5      | Noticed Blork the orc
  6003 | D:5      | Killed Blork the orc
  6003 | D:5      | Reached skill level 7 in Axes
  6003 | D:5      | Reached XP level 8. HP: 20/73 MP: 8/8
  6716 | D:6      | Noticed Eustachio
  6732 | D:5      | Reached skill level 5 in Fighting
  7214 | D:6      | Noticed Sigmund
  7865 | D:6      | Reached skill level 8 in Axes
  8004 | D:6      | Reached skill level 1 in Evocations
  8048 | D:6      | Killed Eustachio
  8076 | D:6      | Noticed Pikel
  8509 | D:5      | Reached XP level 9. HP: 41/82 MP: 10/10
  8814 | D:6      | Killed Pikel
  8814 | D:6      | Reached skill level 9 in Axes
  8923 | D:6      | Killed Sigmund
  9304 | D:7      | Found a radiant altar of Vehumet.
  9541 | D:7      | Found a shattered altar of Ashenzari.
  9777 | D:7      | Found a glowing golden altar of the Shining One.
  9820 | D:7      | Reached skill level 10 in Axes
  9980 | D:7      | Noticed Prince Ribbit
 10249 | D:7      | Reached XP level 10. HP: 66/94 MP: 13/13
 10448 | D:7      | Found a white marble altar of Elyvilon.
 10538 | D:7      | Found a blossoming altar of Fedhas.
 10917 | D:7      | Killed Prince Ribbit
 11809 | D:8      | Reached skill level 5 in Evocations
 12373 | D:8      | Reached skill level 11 in Axes
 13826 | D:8      | Found a staircase to the Lair.
 14011 | D:8      | Found Huacita's Antique Weapon Boutique.
 14585 | D:9      | Noticed a cyclops
 15149 | D:8      | Reached XP level 11. HP: 74/103 MP: 0/14
 15271 | D:9      | Killed a cyclops
 15991 | D:9      | Reached skill level 12 in Axes
 16784 | D:9      | Found a sparkling altar of Nemelex Xobeh.
 16923 | D:9      | Reached skill level 5 in Armour
 17273 | D:10     | Entered Level 10 of the Dungeon
 18147 | D:10     | Noticed Sonja
 19367 | Lair:1   | Entered Level 1 of the Lair of Beasts
 19523 | Lair:1   | Noticed an eight-headed hydra
 19545 | Lair:1   | Killed an eight-headed hydra
 19948 | Lair:1   | Gained mutation: You have somewhat slow reflexes. (EV -5) [Ru sacrifice]
 19948 | Lair:1   | Reached ** piety under Ru
 20073 | Lair:1   | Got an ancient war axe
 20384 | Lair:1   | Identified the +6 war axe "Jiraux" {freeze, rF+++ rC+ Str+5 Stlth+} (You found it on level 1 of the Lair of Beasts)
 20965 | Lair:1   | Reached skill level 13 in Axes
 21370 | Lair:2   | Noticed an oklob plant
 21570 | Lair:2   | Reached XP level 12. HP: 97/115 MP: 13/15
 22209 | Lair:2   | Reached skill level 10 in Fighting
 22302 | Lair:2   | Found a staircase to the Swamp.
 23390 | Lair:2   | Got a fine leather armour
 23472 | Lair:3   | Reached skill level 14 in Axes
 23723 | Lair:3   | Found a hole to the Spider Nest.
 23756 | Lair:3   | Noticed a seven-headed hydra
 23770 | Lair:3   | Killed a seven-headed hydra
 24866 | Lair:4   | Found a labyrinth entrance.
 24877 | Lab      | Entered a labyrinth
 24977 | Lab      | Paralysed by fainting for 9 turns
 24999 | Lab      | Reached skill level 15 in Axes
 25191 | Lab      | Noticed a minotaur
 25212 | Lab      | Gained mutation: You are occasionally teleported next to monsters. [potion of mutation]
 25212 | Lab      | Gained mutation: You have a somewhat thin skeletal structure. (Dex +2, Stealth) [potion of mutation]
 25212 | Lab      | Identified the cursed +1 quarterstaff of Glory {protect, MR+ Int+6}
 25212 | Lab      | Mangled by a minotaur

Vault maps used:
D:1:      minmay_arrival_arboretum_large
D:2:      nicolae_overflow_crystal_walls, uniq_jessica
D:3:      marbit_many_paths
D:4:      lemuel_crystal_altar, minmay_temple_entry_glass, minmay_distorted
D:5:      grunt_temple_overflow_open, first_ration, serial_bayou_pond_c,
          uniq_blork_the_orc
D:6:      uniq_sigmund, uniq_eustachio, uniq_pikel
D:7:      cheibrodos_ashenzari_chains, kennysheep_mini,
          overflow_temple_1_default, lemuel_coloured_pillars_altar,
          vehumet_statue, uniq_prince_ribbit1
D:8:      minmay_lair_entry_grove, serial_shops, shop, the_bakery
D:9:      kennysheep_seaside_town, nemelex_xobeh_ov_fountains_minmay
D:10:     lemuel_flame_loot_1, uniq_sonja
Temple:   compressed_dpeg_triangle_lava_temple
Lair:1:   beast_lair_carwin_4
Lair:2:   nicolae_swamp_entry_splash_gauntlet, dpeg_stationary_puzzle,
          minmay_lair_oklob_chamber, grunt_megastairs_3
Lair:3:   dummy_spider_entry, small_statue_intersection, minmay_holes,
          st_stairs_12, nicolae_quartered_pool_medium,
          kennysheep_basilisk_garden
Lair:4:   lab_entry_generic, serial_bayou_shore_b
Lab:      labyrinth_spiral, lab_hedge

Skill      XL: |  1  2  3  4  5  6  7  8  9 10 11 12 |
---------------+-------------------------------------+-----
Fighting       | 3 4 6 7 8 9 11 | 11.0
Axes           | 4 5 6 7 8 10 11 13 15 | 15.0
Armour         | 1 2 4 6 |  6.0
Shields        | 1 2 3 |  3.0
Evocations     | 2 4 5 |  5.0
Throwing       | |  1.7
Dodging        | |  2.4

Action                   |  1- 3 |  4- 6 |  7- 9 | 10-12 || total
-------------------------+-------+-------+-------+-------++-------
Melee: War axe           |   115 |   253 |   703 |  1109 ||  2180
       Whip              |       |       |       |    26 ||    26
Invok: Sacrifice an Eye  |       |     1 |       |       ||     1
       Reject Sacrifices |       |       |     1 |     1 ||     2
       Sacrifice Health  |       |       |       |     1 ||     1
 Abil: Spit Poison       |     7 |    14 |    31 |    22 ||    74
       Evoke Invisibilit |       |       |       |    15 ||    15
Evoke: Wand              |       |       |     4 |    15 ||    19
  Use: Scroll            |       |     6 |     7 |    15 ||    28
       Potion            |       |     2 |     2 |     7 ||    11
 Stab: Distracted        |       |     1 |     1 |     5 ||     7
       Invisible         |       |       |       |    47 ||    47
  Eat: Chunk             |       |     9 |     7 |    20 ||    36
       Ration            |       |       |     3 |    14 ||    17
Armor: Leather armour    |    29 |       |       |       ||    29
       Scale mail        |    31 |   178 |    20 |       ||   229
       Plate armour      |       |       |   434 |   760 ||  1194
       Skin              |       |       |       |     1 ||     1
Dodge: Dodged            |   104 |   142 |   128 |   252 ||   626
Block: Buckler           |       |    21 |   117 |   226 ||   364

Table legend:
 A = Spawn XP
 B = Non-spawn XP
 C = Spawn XP percentage of total XP
 D = Spawn monster count
 E = Non-spawn monster count
 F = Spawn count percentage of total count
 G = Total turns spent on level
                    A         B        C        D         E        F      G
               +---------+---------+-------+---------+---------+-------+---------
         Total |       0 |   30956 |   0.0 |       0 |     342 |   0.0 | 25212
               +---------+---------+-------+---------+---------+-------+---------
           D:1 |       0 |      34 |   0.0 |       0 |      21 |   0.0 |   855
           D:2 |       0 |     277 |   0.0 |       0 |      23 |   0.0 |  1358
           D:3 |       0 |     113 |   0.0 |       0 |      32 |   0.0 |  1216
           D:4 |       0 |     315 |   0.0 |       0 |      13 |   0.0 |  1241
           D:5 |       0 |     759 |   0.0 |       0 |      17 |   0.0 |  2313
           D:6 |       0 |    2203 |   0.0 |       0 |      34 |   0.0 |  1440
           D:7 |       0 |    2285 |   0.0 |       0 |      44 |   0.0 |  3390
           D:8 |       0 |    3004 |   0.0 |       0 |      30 |   0.0 |  2930
           D:9 |       0 |    3048 |   0.0 |       0 |      34 |   0.0 |  1835
          D:10 |       0 |    1301 |   0.0 |       0 |      16 |   0.0 |  2054
        Temple |       0 |      58 |   0.0 |       0 |       4 |   0.0 |   735
        Lair:1 |       0 |    4165 |   0.0 |       0 |      17 |   0.0 |  2003
        Lair:2 |       0 |    5079 |   0.0 |       0 |      21 |   0.0 |  2051
        Lair:3 |       0 |    6694 |   0.0 |       0 |      29 |   0.0 |  1325
        Lair:4 |       0 |     895 |   0.0 |       0 |       3 |   0.0 |   131
           Lab |       0 |     726 |   0.0 |       0 |       4 |   0.0 |   335
               +---------+---------+-------+---------+---------+-------+---------
